 Dungeon Crawl Stone Soup version 0.30-a0-509-gd016549fea (webtiles) character file.

Game seed: 7515339659291563648

55 hikkokomori the Conjurer (level 3, -1/24 HPs)
             Began as a Demonspawn Conjurer on Dec 23, 2022.
             Slain by a hobgoblin (2 damage)
             ... on level 2 of the Dungeon.
             The game lasted 00:02:36 (1591 turns).

hikkokomori the Conjurer (Demonspawn Conjurer)      Turns: 1591, Time: 00:02:37

Health: -1/24      AC:  2    Str:  7    XL:     3   Next: 67%
Magic:  0/7        EV: 12    Int: 21    God:
Gold:   50         SH:  0    Dex: 11    Spells: 6/7 levels left

rFire   . . .      SeeInvis .    c - +0 sling
rCold   . . .      Faith    .    (no shield)
rNeg    . . .      Spirit   .    a - +0 robe
rPois   .          Reflect  .    (no helmet)
rElec   .          Harm     .    (no cloak)
rCorr   .          Rampage  .    (no gloves)
Will    .....                    (no boots)
Stlth   ++........               (no amulet)
HPRegen 0.24/turn                (no ring)
MPRegen 0.10/turn                (no ring)

@: mighty
A: ignite blood 1, demonic magic 1
a: no special abilities


You were on level 2 of the Dungeon.
You visited 1 branch of the dungeon, and saw 2 of its levels.

You collected 50 gold pieces.

Inventory:

Hand Weapons
 c - a +0 sling (weapon)
Armour
 a - a +0 robe (worn)
Scrolls
 d - a scroll of silence {unknown}
 e - a scroll of noise {unknown}
Potions
 b - a potion of magic
 g - a potion of invisibility {unknown}


   Skills:
 - Level 1.7 Dodging
 - Level 1.7 Stealth
 + Level 2.8 Spellcasting
 + Level 4.9 Conjurations


You had 6 spell levels left.
You knew the following spells:

 Your Spells              Type           Power      Damage    Failure   Level
a - Magic Dart            Conj           92%        1d7       1%          1

Your spell library contained the following spells:

 Spells                   Type           Power      Damage    Failure   Level
 Searing Ray              Conj           46%        2d6       2%          2
 Dazzling Flash           Conj/Hex       26%        N/A       14%         3
 Fulminant Prism          Conj/Hex       6%         3d6       43%         4
 Iskenderun's Mystic Bla  Conj/Tloc      13%        2d5       43%         4


Dungeon Overview and Level Annotations

Branches:
Dungeon (2/15)

Altars:
Nemelex Xobeh


Innate Abilities, Weirdness & Mutations

Your demonic aura sometimes causes spilled blood to erupt in flames.
Spells you cast may paralyse adjacent enemies.


Message History

Press: ? - help, Shift-Dir - straight line, f - hobgoblin
Aim: a hobgoblin (paralysed, 100% to hit)
Okay, then.
The hobgoblin is no longer paralysed.
The hobgoblin closely misses you.
Casting: Magic Dart (safe; 1% risk of failure)
Confirm with . or Enter, or press ? or * to list all spells.
Aiming: Magic Dart (safe; 1% risk of failure)
Press: ? - help, Shift-Dir - straight line, f - hobgoblin
Aim: a hobgoblin (100% to hit)
The magic dart hits the hobgoblin but does no damage.
Malevolent energies surge around you. The hobgoblin closely misses you.
Unknown command.
Okay, then.
Your magical contamination has completely faded away.
The hobgoblin attacks as you move away! The hobgoblin closely misses you.
The hobgoblin attacks as you move away! The hobgoblin hits you.
Casting: Magic Dart (safe; 1% risk of failure)
Confirm with . or Enter, or press ? or * to list all spells.
Okay, then.
You shoot a sling bullet.
The sling bullet closely misses the hobgoblin.
The sling bullet hits the gnoll.
The gnoll is moderately wounded.
The hobgoblin hits you.
Unknown command.
Casting: Magic Dart (safe; 1% risk of failure)
Confirm with . or Enter, or press ? or * to list all spells.
Aiming: Magic Dart (safe; 1% risk of failure)
Press: ? - help, Shift-Dir - straight line, f/p - hobgoblin
Aim: a hobgoblin (100% to hit)
The magic dart hits the hobgoblin but does no damage.
Malevolent energies surge around you. The gnoll completely misses you.
The hobgoblin hits you.
Unknown command.
It was a potion of might.
You feel very mighty all of a sudden.
The gnoll hits you from afar with a +0 spear!
* * * LOW HITPOINT WARNING * * *
The hobgoblin hits you.
You die...

#.#.#.........#....#
#.#.#...[.....#....#
............).)....#
######.....>..##...#
............####...#
###########.##.....#
#.##..g..#
#.##..g..#
#.##..@..#
#.##.....#
#.##.....#
#.##.....#
#.##.....# #.....#
#.....# #.....#
#.....#


You could see a gnoll and a hobgoblin.

Vanquished Creatures
  2 gnolls (D:2)
  A dart slug (D:1)
  7 bats
  3 endoplasms
  3 giant cockroaches (D:1)
  3 goblins
  4 hobgoblins
  A quokka (D:1)
  5 ball pythons
  A frilled lizard (D:1)
  2 rats
32 creatures vanquished.

Notes
Turn   | Place    | Note
-------+----------+-------------------------------------------
     0 | D:1      | hikkokomori the Demonspawn Conjurer began the quest for the
                  | Orb.
     0 | D:1      | Reached XP level 1. HP: 13/13 MP: 3/3
   203 | D:1      | Found a faded altar of an unknown god.
   239 | D:1      | Gained mutation: Your demonic aura sometimes causes spilled
                  | blood to erupt in flames. [demonic ancestry]
   239 | D:1      | Reached XP level 2. HP: 19/19 MP: 1/5
  1225 | D:2      | Found a sparkling altar of Nemelex Xobeh.
  1248 | D:2      | Gained mutation: Spells you cast may paralyse adjacent
                  | enemies. [demonic ancestry]
  1248 | D:2      | Reached XP level 3. HP: 24/24 MP: 2/6
  1591 | D:2      | HP: 1/24 [gnoll/+0 spear (8)]
  1591 | D:2      | Slain by a hobgoblin

Illustrated notes

Levels and vault maps discovered:
D:1:      shiori_arrival_oz, layout_loops_cross, basic_ecumenical_altar
D:2:      layout_basic, basic_altar, minmay_snake_closets

Action                   || total
-------------------------++-------
 Fire: Sling             ||    17
 Cast: Magic Dart        ||    65
  Use: Potion            ||     1
Armor: Robe              ||     1
Dodge: Dodged            ||    19

Table legend: (Time is in decaauts)
 A = Elapsed time spent in this place.
 B = Non-inter-level travel time spent in this place.
 C = Inter-level travel time spent in this place.
 D = Time resting spent in this place.
 E = Time spent auto-exploring this place.
 F = Levels seen in this place.
 G = Mean time per level.
                   A        B        C        D        E       F      G
               +--------+--------+--------+--------+--------+-----+--------+
         Total |   1597 |   1565 |     32 |      0 |   1354 |   2 |  798.5 |
       Dungeon |   1597 |   1565 |     32 |      0 |   1354 |   2 |  798.5 |
               +--------+--------+--------+--------+--------+-----+--------+

Top non-repeatable levels by time:
     D:1: 1228 daAuts
     D:2: 368 daAuts
